 Dungeon Crawl Stone Soup version 0.31.0-32-g396128a36d (webtiles) character file.

Game seed: 1799188943809581640

14 ChadusMaximus the Caller (level 2, -1/19 HPs)
             Began as a Barachi Summoner on Mar 8, 2024.
             Slain by a cerulean imp
             ... wielding a +2 spear
             ... summoned by Natasha
              (3 damage)
             ... on level 2 of the Dungeon.
             The game lasted 00:00:53 (591 turns).

ChadusMaximus the Caller (Barachi Summoner)          Turns: 591, Time: 00:00:54

Health: -1/19      AC:  5    Str:  9    XL:     2   Next: 45%
Magic:  3/5        EV: 12    Int: 15    God:
Gold:   55         SH:  0    Dex: 12    Spells: 5/6 levels left

rFire   . . .        f - +0 hand axe (elec)
rCold   . . .        (no shield)
rNeg    . . .        a - +0 robe
rPois   .            (no helmet)
rElec   .            e - +2 cloak
rCorr   .            (no gloves)
SInv    .            (no boots)
Will    .....        (no amulet)
Stlth   ++           (no ring)
HPRegen 0.23/turn    (no ring)
MPRegen 0.09/turn

%: no passive effects
@: slowed, very slow
A: amphibious, slowness 1, strong legs 1, +LOS
a: Hop


You were on level 2 of the Dungeon.
You visited 1 branch of the dungeon, and saw 2 of its levels.

You collected 55 gold pieces.

Inventory:

Hand Weapons
 d - a +0 spear
 f - a +0 hand axe of electrocution (weapon)
Armour
 a - a +0 robe (worn)
 e - a +2 cloak (worn)
Scrolls
 c - 2 scrolls of identify {unknown}
 g - a scroll of blinking {unknown}
Potions
 b - a potion of magic


   Skills:
 - Level 2.1 Dodging
 - Level 1.7 Stealth
 + Level 2.5 Spellcasting
 * Level 5.3 Summonings


You had 5 spell levels left.
You knew the following spells:

 Your Spells              Type           Power      Damage    Failure   Level
a - Summon Small Mammal   Summ           72%        N/A       2%          1

Your spell library contained the following spells:

 Spells                   Type           Power      Damage    Failure   Level
 Call Imp                 Summ           36%        N/A       3%          2
 Call Canine Familiar     Summ           18%        N/A       7%          3
 Tukima's Dance           Hex            1%         N/A       54%         3
 Summon Blazeheart Golem  Fire/Summ      9%         N/A       56%         4
 Summon Lightning Spire   Summ/Air       9%         N/A       56%         4
 Passage of Golubria      Tloc           1%         N/A       91%         4
 Yara's Violent Unravell  Hex/Alch       0%         3d3       99%         5


Dungeon Overview and Level Annotations

Branches:
Dungeon (2/15)

Altars:

Annotations:
D:2 Natasha


Innate Abilities, Weirdness & Mutations

You are amphibious.
You cover ground slowly.
You can hop short distances.
You have an extended range of vision and can be seen from far away.


Message History

Casting: Summon Small Mammal (safe; 2% risk of failure)
Confirm with . or Enter, or press ? or * to list all spells.
The cerulean imp hits you but does no damage.
Natasha barely misses you.
The cerulean imp hits you but does no damage.
Casting: Summon Small Mammal (safe; 2% risk of failure)
Confirm with . or Enter, or press ? or * to list all spells.
The cerulean imp closely misses you. Natasha misses you.
The cerulean imp barely misses you.
Your quokka bites the cerulean imp but does no damage.
Natasha claws you.
The cerulean imp hits you but does no damage.
The cerulean imp barely misses you.
You closely miss Natasha.
Natasha is lightly wounded.
You hit the cerulean imp.
Your quokka bites the cerulean imp.
Your quokka bites the cerulean imp but does no damage.
Your rat closely misses the cerulean imp.
The cerulean imp misses you.
The cerulean imp hits you from afar with a +2 spear.
Natasha claws you.
Your quokka bites the cerulean imp.
Your rat misses the cerulean imp.
The cerulean imp hits you with a +1 spear.
The cerulean imp hits you but does no damage.
Natasha hisses.
Natasha barely misses you.
You hit Natasha.
Natasha is heavily wounded.
You hit the cerulean imp but do no damage.
Your quokka closely misses the cerulean imp.
Your rat closely misses the cerulean imp.
The cerulean imp barely misses you. Natasha closely misses you.
The cerulean imp hits you from afar with a +2 spear.
Your quokka barely misses the cerulean imp.
The cerulean imp hits you but does no damage.
Natasha stares at you and mumbles some strange words.
The magic dart hits you.
* * * LOW HITPOINT WARNING * * *
The cerulean imp hits you from afar with a +2 spear.
You die...

#....# #....#
#....# #...[#
#....# #....#
#....# #hr5.#
#############@...#
.......##...5.####
#.........r..#
#.###.#......#
#.#......#
########(#......#
................#
#########.#......#
..........#......#


You could see Natasha, 2 cerulean imps, a friendly quokka (summoned) and a
friendly rat (summoned).

Vanquished Creatures
  2 giant cockroaches (D:1)
  A hobgoblin (D:1)
  2 bats (D:1)
  2 rats (D:1)
7 creatures vanquished.

Vanquished Creatures (collateral kills)
  An endoplasm (D:1)
  A giant cockroach (D:1)
  A hobgoblin (D:1)
  A quokka (D:1)
  A frilled lizard (D:1)
  2 rats (D:1)
7 creatures vanquished.

Grand Total: 14 creatures vanquished

Notes
Turn   | Place    | Note
-------+----------+-------------------------------------------
     0 | D:1      | ChadusMaximus the Barachi Summoner began the quest for the
                  | Orb.
     0 | D:1      | Reached XP level 1. HP: 13/13 MP: 3/3
    97 | D:1      | Reached skill level 5 in Summonings
   285 | D:1      | Reached XP level 2. HP: 19/19 MP: 5/5
   583 | D:2      | Noticed Natasha
   591 | D:2      | Slain by a cerulean imp

Illustrated notes

Levels and vault maps discovered:
D:1:      amcnicky_arrival_choice, layout_rooms, item_on_display_a
D:2:      layout_basic, uniq_natasha

Skill      XL: |  1 |
---------------+----+-----
Summonings     | 5 |  5.3
Dodging        | |  2.1
Stealth        | |  1.7
Spellcasting   | |  2.5

Action                     || total
---------------------------++-------
  Melee: Unarmed           ||    16
         Spear             ||    29
         Hand axe          ||     5
   Cast: Summon Small Mamm ||    11
   Stab: Sleeping          ||     2
 Armour: Robe              ||    45
  Dodge: Dodged            ||    36
